 Dungeon Crawl Stone Soup version 0.22-a0-109-gbeb7240 (webtiles) character file.

48 Firecrotchwizard the Digger (level 3, -1/19 HPs)
             Began as a Gargoyle Earth Elementalist on Jan 26, 2018.
             Slain by a worm (2 damage)
             ... on level 2 of the Dungeon.
             The game lasted 00:03:42 (1670 turns).

Firecrotchwizard the Digger (GrEE)                  Turns: 1670, Time: 00:03:43

Health: -1/19      AC:  6    Str: 11    XL:     3   Next: 72%
Magic:  6/6        EV: 12    Int: 16    God:
Gold:   56         SH:  0    Dex: 10    Spells: 2/6 levels left

rFire    . . .     SeeInvis .   n - +0 club
rCold    . . .     Gourm    .   (no shield)
rNeg     + . .     Faith    .   c - +0 robe
rPois    ∞         Spirit   .   (no helmet)
rElec    +         Reflect  .   (no cloak)
rCorr    .         Harm     .   j - +0 pair of gloves
MR       .....                  (no boots)
Stlth    ++........             (no amulet)
HPRegen  0.06/turn              (no ring)
MPRegen  0.10/turn              (no ring)

@: no status effects
A: negative energy resistance 1, electricity resistance, unbreathing,
petrification resistance, rot immunity, AC +3
a: no special abilities


You were on level 2 of the Dungeon.
You were not hungry.

You visited 1 branch of the dungeon, and saw 2 of its levels.

You collected 56 gold pieces.

Inventory:

Hand Weapons
 n - a +0 club (weapon)
   (You took it off a hobgoblin on level 1 of the Dungeon)
Missiles
 b - 62 stones (quivered)
Armour
 c - a +0 robe (worn)
 j - a +0 pair of gloves (worn)
   (You found it on level 1 of the Dungeon)
 m - a +2 leather armour of positive energy
   (You found it on level 1 of the Dungeon)
Scrolls
 a - 2 scrolls of remove curse {unknown}
 f - a scroll of identify {unknown}
 g - a scroll of random uselessness {unknown}
 i - a scroll of magic mapping {unknown}
 o - a scroll of teleportation {unknown}
 r - a scroll of immolation {unknown}
Potions
 h - a potion of brilliance {unknown}
 k - a potion of ambrosia {unknown}
 l - a potion of magic {unknown}
 p - a potion of haste {unknown}
 q - 2 potions of curing {unknown}
Books
 e - a book of Geomancy
Comestibles
 d - 4 rations {@e1}


   Skills:
 + Level 2.5 Dodging
 - Level 2.1 Stealth
 - Level 2.0 Spellcasting
 + Level 0.3 Conjurations
   Level 0.7 Transmutations
 + Level 4.6 Earth Magic


You had 2 spell levels left.
You knew the following spells:

 Your Spells              Type           Power        Failure   Level  Hunger
a - Sandblast             Erth           ###...       3%          1    #......
x - Stone Arrow           Conj/Erth      #.....       22%         3    ###....


Dungeon Overview and Level Annotations

Branches:
Dungeon (2/15)

Altars:


Innate Abilities, Weirdness & Mutations

You are resistant to torment.
Your stone body is resilient. (AC +3)
You are immune to poison.
You resist negative energy. (rN+)
You are resistant to electric shocks. (rElec)
You can survive without breathing.
You are immune to petrification.
You are immune to rotting.


Message History

The hobgoblin hits you but does no damage.
You barely miss the hobgoblin. The hobgoblin closely misses you.
You hit the hobgoblin but do no damage. The hobgoblin closely misses you.
You closely miss the hobgoblin.
The hobgoblin hits you but does no damage.
The hobgoblin hits you with a club.
You take 2 damage, and have 14/19 hp.
You closely miss the hobgoblin. The hobgoblin closely misses you.
You hit the hobgoblin but do no damage. The hobgoblin hits you with a club.
You take 4 damage, and have 10/19 hp.
MASSIVE DAMAGE!!
You hit the hobgoblin but do no damage. The hobgoblin barely misses you.
You barely miss the hobgoblin. The hobgoblin barely misses you.
You barely miss the hobgoblin. The hobgoblin completely misses you.
The hobgoblin hits you but does no damage.
You closely miss the hobgoblin. The hobgoblin barely misses you.
Aim: a hobgoblin, wielding a club The blast of sand hits the hobgoblin.
b - 57 stones The hobgoblin hits you with a club.
You take 4 damage, and have 6/19 hp.
MASSIVE DAMAGE!!
You now have 5/6 mp.
You don't know that spell.
Okay, then.
You hit the hobgoblin. The hobgoblin hits you with a club.
* * * LOW HITPOINT WARNING * * *
You take 1 damage, and have 5/19 hp.
Aim: a hobgoblin, wielding a club (severely wounded)
The stone arrow hits the hobgoblin.
You kill the hobgoblin!
The kobold throws a stone.
The stone closely misses you.
You now have 2/6 mp.
The floor.
You don't have enough magic to cast that spell.
The kobold hits you but does no damage.
Things that are here:
a club; a hobgoblin corpse You hit the kobold.
The kobold barely misses you.
You closely miss the kobold. The kobold hits you but does no damage.
You hit the kobold.
You kill the kobold!
b - 61 stones (gained 4)
You see here a dagger.
There isn't anything to butcher here.
Things that are here:
a club; a hobgoblin corpse You butcher the hobgoblin corpse.
i - 2 chunks of flesh {@w0} You see here a club.
b - 62 stones (gained 1)
You start resting.
Eating one of 2 chunks of flesh {@w0}.
You eat one of the 2 chunks of flesh {@w0}.
Health restored: 19; MP restored: 6 You see here a club.
You see here a dagger.
All of the chunks of flesh in your inventory have rotted away.
Found a stone staircase leading down.
There is a stone staircase leading down here.
d - 4 rations {@e1} (gained 1)
A worm comes into view.
You see here a scroll labeled BEXOOB LALITON.
i - a scroll labeled BEXOOB LALITON A hobgoblin comes into view.
It is wielding a club.
The hobgoblin shouts!
The hobgoblin hits you but does no damage.
You closely miss the hobgoblin.
The hobgoblin hits you but does no damage.
The hobgoblin barely misses you.
You hit the hobgoblin. The hobgoblin closely misses you.
You hit the hobgoblin.
The hobgoblin hits you but does no damage.
You hit the hobgoblin but do no damage.
The hobgoblin hits you but does no damage.
You barely miss the hobgoblin. The hobgoblin misses you. The worm bites you.
You take 6 damage, and have 13/19 hp.
MASSIVE DAMAGE!!
You closely miss the hobgoblin. The hobgoblin barely misses you.
You hit the hobgoblin. The hobgoblin hits you with a club.
The worm closely misses you. The hobgoblin misses you.
You take 3 damage, and have 11/19 hp.
You closely miss the hobgoblin. The worm bites you.
The hobgoblin closely misses you.
You take 4 damage, and have 7/19 hp.
MASSIVE DAMAGE!!
You closely miss the hobgoblin. The hobgoblin hits you with a club.
The worm bites you.
* * * LOW HITPOINT WARNING * * *
You take 5 damage, and have 2/19 hp.
MASSIVE DAMAGE!!
You closely miss the hobgoblin. The hobgoblin hits you with a club.
* * * LOW HITPOINT WARNING * * *
The worm closely misses you.
You take 1 damage, and have 1/19 hp.
You closely miss the hobgoblin. The hobgoblin closely misses you.
You closely miss the hobgoblin.
The hobgoblin hits you but does no damage.
The worm bites you.
You die...

#.####.......#
..........(..#
.........$...#
......w..$...# #
.........#.###. .
............
....#+###........# ...
#.....g@w........# .....
###.#######......##.....
#.......#....
#.....#.#...
#.....#.#.###.
#.............
#.....#...###.
#.....##..####
#.....##.>....


You could see a worm and a hobgoblin.

Vanquished Creatures
  2 adders (D:2)
  An ooze (D:2)
  A dart slug (D:1)
  A giant cockroach (D:1)
  4 goblins (D:1)
  6 hobgoblins
  2 bats (D:1)
  2 frilled lizards (D:1)
  3 kobolds
  2 rats (D:1)
24 creatures vanquished.

Vanquished Creatures (others)
  4 toadstools (D:1)
4 creatures vanquished.

Grand Total: 28 creatures vanquished

Notes
Turn   | Place    | Note
-------+----------+-------------------------------------------
     0 | D:1      | Firecrotchwizard the Gargoyle Earth Elementalist began the quest for the Orb.
     0 | D:1      | Reached XP level 1. HP: 10/10 MP: 3/3
   484 | D:1      | Reached skill level 4 in Earth Magic
   484 | D:1      | Reached XP level 2. HP: 14/15 MP: 3/5
   536 | D:1      | Reached skill level 2 in Dodging
  1186 | D:2      | Reached XP level 3. HP: 9/19 MP: 3/6
  1351 | D:2      | Learned a level 3 spell: Stone Arrow
  1667 | D:2      | HP: 2/19 [worm (4)]
  1670 | D:2      | Slain by a worm

Vault maps used:
D:1:      ldierk_walled_garden_2
D:2:      minitemple

Skill      XL: |  1  2 |
---------------+-------+-----
Earth Magic    | 4 |  4.6
Dodging        | 2 |  2.5
Stealth        | |  2.1
Spellcasting   | |  2.0
Conjurations   | |  0.3
Transmutations | |  0.7

Action                   || total
-------------------------++-------
Melee: Unarmed           ||    59
       Club              ||    58
Throw: Stone             ||     3
 Cast: Sandblast         ||    10
       Stone Arrow       ||     1
 Stab: Sleeping          ||     2
  Eat: Chunk             ||     3
Armor: Robe              ||    45
Dodge: Dodged            ||    77

Table legend:
 A = Spawn XP
 B = Non-spawn XP
 C = Spawn XP percentage of total XP
 D = Spawn monster count
 E = Non-spawn monster count
 F = Spawn count percentage of total count
 G = Total turns spent on level
                    A         B        C        D         E        F      G
               +---------+---------+-------+---------+---------+-------+---------
         Total |       0 |      69 |   0.0 |       0 |      24 |   0.0 |  1670
               +---------+---------+-------+---------+---------+-------+---------
           D:1 |       0 |      31 |   0.0 |       0 |      19 |   0.0 |  1156
           D:2 |       0 |      38 |   0.0 |       0 |       5 |   0.0 |   514
               +---------+---------+-------+---------+---------+-------+---------

Vault maps used:
D:1:      ldierk_walled_garden_2
D:2:      minitemple

Table legend:
 A = Turns spent in this place as a percentage of turns spent in the entire game.
 B = Non-inter-level travel turns spent in this place as a percentage of non-inter-level travel turns spent in the entire game.
 C = Inter-level travel turns spent in this place as a percentage of turns spent in this place.
 D = Turns resting spent in this place as a percentage of non-inter-level travel turns spent in this place.
 E = Turns spent auto-exploring this place as a percentage of non-inter-level travel turns spent in this place.
 F = Non-inter-level travel turns spent in this place divided by the number of levels of this place that you've seen.
                   A       B       C       D       E      F
               +-------+-------+-------+-------+-------+----------------------
         Total | 100.0 | 100.0 |   1.3 |  38.2 |  44.0 | 824.0
       Dungeon | 100.0 | 100.0 |   1.3 |  38.2 |  44.0 | 824.0
               +-------+-------+-------+-------+-------+----------------------

Table legend:
 A = Kills in this place as a percentage of kills in entire the game.
 B = Kills by you in this place as a percentage of kills by you in the entire game.
 C = Kills by friends in this place as a percentage of kills by friends in the entire game.
 D = Other kills in this place as a percentage of other kills in the entire game.
 E = Experience gained in this place as a percentage of experience gained in the entire game.
 F = Experience gained in this place divided by the number of levels of this place that you have seen.
                   A       B       C       D       E      F
               +-------+-------+-------+-------+-------+----------------------
         Total | 100.0 | 100.0 |   N/A |   N/A | 100.0 |  34.5
       Dungeon | 100.0 | 100.0 |   N/A |   N/A | 100.0 |  34.5
               +-------+-------+-------+-------+-------+----------------------
